 Dungeon Crawl Stone Soup version 0.29.1-13-g9f3cf754e1 (webtiles) character file.

Game seed: 4484681846890380426

79 Thatpatchoflichen the Trooper (level 4, -1/36 HPs)
             Began as a Demonspawn Fighter on Feb 3, 2023.
             Slain by a jelly (3 damage)
             ... on level 2 of the Dungeon.
             The game lasted 00:02:52 (1841 turns).

Thatpatchoflichen the Trooper (Demonspawn Fighter)  Turns: 1841, Time: 00:02:52

Health: -1/36      AC: -5    Str: 17    XL:     4   Next: 17%
Magic:  4/4        EV:  9    Int:  9    God:
Gold:   67         SH:  5    Dex: 14    Spells: 3/3 levels left

rFire   + . .      SeeInvis .   a - +0 long sword
rCold   . . .      Faith    .   c - +0 buckler
rNeg    . . .      Spirit   .   b - +0 scale mail
rPois   .          Reflect  .   (no helmet)
rElec   .          Harm     .   (no cloak)
rCorr   .          Rampage  .   (no gloves)
Will    .....                   (no boots)
Stlth   ..........              (no amulet)
HPRegen 0.12/turn               g - ring of protection from fire
MPRegen 0.09/turn               (no ring)

@: corroded
A: demonic touch 2
a: no special abilities


You were on level 2 of the Dungeon.
You visited 1 branch of the dungeon, and saw 2 of its levels.

You collected 67 gold pieces.

Inventory:

Hand Weapons
 a - a +0 long sword (weapon)
Armour
 b - a +0 scale mail (worn)
 c - a +0 buckler (worn)
Jewellery
 g - a ring of protection from fire (left hand)
 o - a ring of protection from fire
Scrolls
 e - a scroll of torment {unknown}
 f - a scroll of identify {unknown}
 h - a scroll of summoning {unknown}
 j - a scroll of amnesia {unknown}
 m - a scroll of fear {unknown}
Potions
 d - 3 potions of might
 i - a potion of flight {unknown}
 k - 2 potions of curing {unknown}
 l - a potion of cancellation {unknown}
 n - 2 potions of haste {unknown}
 p - a potion of heal wounds {unknown}


   Skills:
 + Level 3.6 Fighting
 + Level 2.4 Long Blades
 + Level 3.2 Armour
 + Level 3.2 Shields


You had 3 spell levels left.
You didn't know any spells.
Your spell library was empty.

Dungeon Overview and Level Annotations

Branches:
Dungeon (2/15)

Altars:

Shops:
D:1 (


Innate Abilities, Weirdness & Mutations

Your touch may inflict irresistible damage on your foes.


Message History

The endoplasm is almost dead.
You block the endoplasm's attack.
You slash the endoplasm!
You kill the endoplasm!
You slash the endoplasm!
You kill the endoplasm!
You start resting.
An endoplasm is nearby!
There are no items here.
The endoplasm quivers.
You slash the endoplasm!
You kill the endoplasm!
Things that are here:
a +0 dagger; 3 stones The endoplasm quivers. x2
There is an open door here.
Things that are here:
a +0 dagger; 3 stones
Things that are here:
a +0 dagger; 3 stones You barely miss the endoplasm.
The endoplasm freezes you.
You are frozen.
You hit the endoplasm but do no damage. You block the endoplasm's attack.
You slash the jelly!
Your hands burn!
The jelly is severely wounded.
The jelly barely misses you.
You hit the jelly but do no damage. The acid corrodes you!
Your hands burn!
The jelly is severely wounded.
You block the jelly's attack.
You hit the jelly but do no damage. The acid corrodes you!
Your hands burn!
The jelly is severely wounded.
The jelly hits you.
You are splashed with acid!
* * * LOW HITPOINT WARNING * * *
The jelly hits you.
* * * LOW HITPOINT WARNING * * *
The acid corrodes you!
You are splashed with acid!
* * * LOW HITPOINT WARNING * * *
The jelly attacks as you move away! The jelly hits you.
You die...

##.....###...
#.......##.#..
#.......##....#
#.......#
#....[..#
####....# ..
##..'....# #..
#.######## #.
##..@JJJ## ##
#######'#
....÷....#
....J÷.÷÷#
.......J.#
...P...P.# #.
.PJ......# #.
$÷.......# #.
########## #.


You could see a jelly and 2 endoplasms.

Vanquished Creatures
  A jelly (D:2)
  A worm (D:2)
  3 bats
  8 endoplasms
  A giant cockroach (D:1)
  5 goblins
  2 hobgoblins (D:1)
  A quokka (D:1)
  5 ball pythons
  10 kobolds
  4 rats
41 creatures vanquished.

Vanquished Creatures (others)
  5 fungi (D:2)
  8 toadstools (D:2)
13 creatures vanquished.

Grand Total: 54 creatures vanquished

Notes
Turn   | Place    | Note
-------+----------+-------------------------------------------
     0 | D:1      | Thatpatchoflichen the Demonspawn Fighter began the quest
                  | for the Orb.
     0 | D:1      | Reached XP level 1. HP: 18/18 MP: 1/1
    76 | D:1      | You fall into a shaft and drop 1 floor!
   274 | D:1      | Found Izaukh's Weapon Boutique.
   377 | D:1      | Gained mutation: Your touch may inflict minor irresistible
                  | damage on your foes. [demonic ancestry]
   377 | D:1      | Reached XP level 2. HP: 24/24 MP: 2/2
  1261 | D:2      | Found a faded altar of an unknown god.
  1320 | D:2      | Gained mutation: Your touch may inflict irresistible damage
                  | on your foes. [demonic ancestry]
  1320 | D:2      | Reached XP level 3. HP: 23/29 MP: 3/3
  1651 | D:2      | Reached XP level 4. HP: 27/35 MP: 4/4
  1841 | D:2      | Slain by a jelly

Illustrated notes

Levels and vault maps discovered:
D:1:      giann_forest_graveyard, layout_basic, serial_shops,
          nicolae_shop_bloodbath_and_beyond
D:2:      cheibrodos_fertilizer, layout_basic,
          chequers_ecumenical_altar_simple_redux, minmay_ruptured

Skill      XL: |  1  2 |
---------------+-------+-----
Long Blades    | 2 |  2.4
Armour         | 3 |  3.2
Shields        | 3 |  3.2
Fighting       | |  3.6

Action                   |  1- 3 |  4- 6 || total
-------------------------+-------+-------++-------
Melee: Long sword        |    97 |    15 ||   112
Armor: Scale mail        |    44 |     1 ||    45
Dodge: Dodged            |    50 |     1 ||    51
Block: Buckler           |    24 |     5 ||    29
